 Seeded DCSS version 0.27.1-1-g398f81649c (webtiles) character file.

Game seed: 18446744073709551615 (custom seed)

419 a11behringer the Spear-Bearer (level 6, -1/51 HPs)
             Began as a Minotaur Berserker on Sept 12, 2021.
             Was a Priest of Trog.
             Succumbed to a water moccasin's poison
             ... on level 4 of the Dungeon.
             The game lasted 00:11:47 (3527 turns).

a11behringer the Spear-Bearer (Minotaur Berserker)  Turns: 3527, Time: 00:11:48

Health: -1/51      AC:  5    Str: 22    XL:     6   Next: 62%
Magic:  5/5        EV: 12    Int:  4    God:    Trog [***...]
Gold:   159        SH:  0    Dex: 11    Spells: 5/5 levels left

rFire    . . .     SeeInvis .   a - +0 spear
rCold    . . .     Faith    .   (no shield)
rNeg     + . .     Spirit   .   n - +0 steam dragon scales
rPois    .         Reflect  .   (helmet restricted)
rElec    .         Harm     .   (no cloak)
rCorr    .         Rampage  .   (no gloves)
Will     .....                  (no boots)
Stlth    +.........             (no amulet)
HPRegen  0.17/turn              f - ring of positive energy
MPRegen  0.09/turn              (no ring)

@: lethally poisoned (-1 -> -13)
A: horns 2, retaliatory headbutt
a: Renounce Religion, Berserk, Trog's Hand


You were on level 4 of the Dungeon.
You worshipped Trog.
Trog was most pleased with you.
You visited 1 branch of the dungeon, and saw 4 of its levels.

You collected 159 gold pieces.

Inventory:

Hand Weapons
 a - a +0 spear (weapon)
 k - a +0 halberd
Missiles
 g - 6 javelins (quivered)
Armour
 b - a +0 animal skin
 n - +0 steam dragon scales (worn)
 o - a +0 chain mail
Jewellery
 f - a ring of positive energy (left hand)
Wands
 q - a wand of iceblast (9)
Scrolls
 d - a scroll of immolation {unknown}
 e - a scroll of vulnerability {unknown}
 h - 2 scrolls of identify {unknown}
 j - a scroll of magic mapping {unknown}
 m - 2 scrolls of enchant weapon {unknown}
Potions
 c - 2 potions of curing {unknown}
 i - a potion of magic {unknown}
 l - a potion of heal wounds {unknown}
 p - a potion of mutation {unknown}


   Skills:
 - Level 3.6 Fighting
 * Level 9.1 Polearms
 - Level 2.4 Armour
 - Level 2.1 Dodging


You had 5 spell levels left.
You didn't know any spells.
Your spell library was empty.

Dungeon Overview and Level Annotations

Branches:
Dungeon (4/15)
 Temple: D:4-7

Altars:

Shops:
D:1 [   D:2 *   D:3 =(


Innate Abilities, Weirdness & Mutations

You have a pair of horns on your head.
You reflexively headbutt those who attack you in melee.


Message History

A water moccasin comes into view.
You feel sick.
You see here 20 stones.
You feel sick.
You are no longer poisoned.
The water moccasin hisses angrily.
Found a warped mace.
The water moccasin bites you. The water moccasin closely misses you.
You see here the +5 mace of Crystal {vorpal, Fly rElec rPois rC-}.
You closely miss the water moccasin.
The water moccasin bites you but does no damage.
You closely miss the water moccasin.
The water moccasin bites you but does no damage.
You miss the water moccasin.
The water moccasin completely misses you.
You closely miss the water moccasin. The water moccasin bites you.
* * * LOW HITPOINT WARNING * * *
You barely miss the water moccasin. You barely miss the water moccasin.
The water moccasin bites you but does no damage.
You hit the water moccasin.
Your headbutt misses the water moccasin.
The water moccasin is lightly wounded.
The water moccasin bites you.
* * * LOW HITPOINT WARNING * * *
You hit the water moccasin.
Your headbutt misses the water moccasin.
The water moccasin is moderately wounded.
The water moccasin bites you.
* * * LOW HITPOINT WARNING * * *
You are lethally poisoned!
The water moccasin poisons you!
You hit the water moccasin. You headbutt the water moccasin.
The water moccasin is heavily wounded.
* * * LOW HITPOINT WARNING * * *
You feel sick. The water moccasin bites you.
* * * LOW HITPOINT WARNING * * *
You barely miss the water moccasin.
The water moccasin is heavily wounded.
You die...

#....(.......#
####....###..
#.#..#
####.#S.#
#....#$...
#.####.....
###.# ...#..#
#.S.# ........
#@#....##.#....
#....#.# ###..#
.. #..# # .....
.#.### .#


You could see a water moccasin.

Vanquished Creatures
  A steam dragon (D:3)
  Jessica (D:3)
  An orc wizard (D:3)
  Natasha (thrice) (D:2)
  Robin (D:2)
  7 gnolls (D:2)
  An adder skeleton (D:2)
  2 worms (D:2)
  3 dart slugs
  3 orcs (D:3)
  12 ball pythons
  2 endoplasms
  13 goblins
  5 hobgoblins
  2 quokkas (D:2)
  7 bats
  4 frilled lizards
  6 kobolds
  6 rats
80 creatures vanquished.

Notes
Turn   | Place    | Note
-------+----------+-------------------------------------------
     0 | D:1      | a11behringer the Minotaur Berserker began the quest for the
                  | Orb.
     0 | D:1      | Reached XP level 1. HP: 19/19 MP: 0/0
   214 | D:1      | Reached skill level 4 in Polearms
   398 | D:1      | Reached XP level 2. HP: 26/26 MP: 1/1
   422 | D:1      | Found a faded altar of an unknown god.
   535 | D:1      | Found Wusebb's Antique Armour Emporium.
  1101 | D:2      | Reached skill level 5 in Polearms
  1113 | D:2      | Reached XP level 3. HP: 22/31 MP: 2/2
  1464 | D:2      | Reached XP level 4. HP: 38/39 MP: 3/3
  1468 | D:2      | Reached skill level 6 in Polearms
  1468 | D:2      | Noticed Natasha
  1479 | D:2      | Killed Natasha
  1479 | D:2      | Reached ** piety under Trog
  1596 | D:2      | Noticed Natasha
  1606 | D:2      | Killed Natasha
  1709 | D:2      | Found Wijash's Assorted Antiques.
  1823 | D:2      | Noticed Natasha
  1835 | D:2      | Killed Natasha
  1836 | D:2      | Reached skill level 7 in Polearms
  1836 | D:2      | Reached XP level 5. HP: 31/45 MP: 4/4
  1969 | D:2      | Noticed Robin
  1975 | D:2      | Killed Robin
  2554 | D:3      | Noticed a steam dragon
  2572 | D:3      | Killed a steam dragon
  2572 | D:3      | Reached *** piety under Trog
  2573 | D:3      | Reached skill level 8 in Polearms
  2573 | D:3      | Reached XP level 6. HP: 12/51 MP: 5/5
  3001 | D:3      | Found Acabb's Antique Weapon Emporium.
  3176 | D:3      | Noticed Jessica
  3185 | D:3      | Killed Jessica
  3186 | D:3      | Reached skill level 9 in Polearms
  3323 | D:3      | Found Miethro's Jewellery Boutique.
  3507 | D:4      | Noticed a water moccasin
  3517 | D:4      | Identified the +5 mace of Crystal {vorpal, Fly rElec rPois
                  | rC-}
  3526 | D:4      | HP: 1/51 [water moccasin (2)]
  3527 | D:4      | Succumbed to a water moccasin's poison

Illustrated notes

Levels and vault maps discovered:
D:1:      minmay_arrival_widening_spiral_wide, layout_basic, serial_shops, shop,
          shapermc_ecumenical_altar_rom_forum
D:2:      layout_loops_ring, serial_shops, shop, minmay_misc_feat_five,
          minmay_tiny_reverse_x, uniq_robin, uniq_natasha
D:3:      minmay_recursive_quarters, layout_loops_ring, serial_shops, shop,
          nicolae_lakefront_shop, uniq_jessica
D:4:      layout_basic, portal_sewer_entry_b, uniq_menkaure

Skill      XL: |  1  2  3  4  5  6 |
---------------+-------------------+-----
Polearms       | 4 5 7 8 9 |  9.1
Fighting       | |  3.6
Armour         | |  2.4
Dodging        | |  2.1

Action                   |  1- 3 |  4- 6 || total
-------------------------+-------+-------++-------
Melee: Spear             |    61 |   145 ||   206
       Headbutt          |     9 |    25 ||    34
Invok: Berserk           |     1 |     2 ||     3
 Stab: Distracted        |       |     1 ||     1
Armor: Animal skin       |     5 |    19 ||    24
       Steam dragon scal |       |    12 ||    12
Dodge: Dodged            |    33 |    73 ||   106
